Unix NetHack Version 5.0.0-0 post-release - last build May  4 2026 22:22:43 (774f63e81ad911689b3a0859ea89b322d5daca8d,branch:main).

Game began 2026-05-06 10:09:16, ended 2026-05-06 10:24:50.

DiePARTEI, lawful female dwarven Valkyrie

          ------          ------
          |.....         #|....                                         ---
          |..........-  ##..-----                                       ..
          --- -------    #|.|...|                                       ..
                         #|.+...|                                       ..
                         #|.|----                                       ..
                         #|.|                                           .
                         #|.|                                           .
                         #|.|                                           .
                         #|.|
                         #|.|
                         #|.|
    ----.------          #|.|
    |..>......|          #|.|
    |..........###########|.-----  ------------- --      |             #-.----
    |.........|           |..---n........................|##############..<..|
    |..........########   --------------------------------#             |....|
    -----------       #####################################             ------

DiePARTEI the Skirmisher    St:18 Dx:16 Co:16 In:10 Wi:8 Ch:8  Lawful
Dlvl:7  $:28 HP:0(40) Pw:0(0) AC:-1 Xp:4 T:1608 

Latest messages:
 You kill the gecko!
 O - a key.
 You see here 10 rocks.
 You see here a gray stone.
 The gnome lord drinks a fizzy potion!
 The gnome lord is suddenly moving faster.
 In what direction? 2
 You kick a gray stone.
 You see here a gray stone.
 A trap door in the ceiling opens and a rock falls on your head!
 P - a gray stone.
 You see here 10 rocks.
 What do you want to rub? [P or ?*] P
 What do you want to rub on the stone? [$a-ehiklnqt-zAC-P or ?*] ?
 You make scratch marks on the stone.
 What do you want to call? [ehilu-xzCEG-KM-P or ?*] P
 Call a gray stone: notouchnoload
 You descend the stairs.
 You hear someone praising Odin.
 You hear someone praising Odin.
 You hear a gurgling noise.
 You hear a slow drip.
 You hit the iguana!
 The iguana misses!
 You hear someone praising Odin.
 You hit the iguana!
 You kill the iguana!
 The homunculus bites!
 You miss the homunculus.
 The homunculus misses!
 You hit the homunculus!
 The homunculus misses!
 You hit the homunculus!
 The homunculus misses!
 You kill the homunculus!
 In what direction? 6
 The door resists!
 In what direction? 6
 The door closes.
 What do you want to use or apply? [nyDOP or ?*] O
 In what direction? 6
 Lock it? [ynq] (q) y
 You succeed in locking the door.
 The water nymph zaps a steel wand!
 The death ray hits you!
 Do you want your possessions identified? [ynq] (y) y
 Do you want to see your attributes? [ynq] (y) y
 Do you want an account of creatures vanquished? [ynaq] (y) y
 Do you want to see your conduct and achievements? [ynq] (y) y
 Do you want to see the dungeon overview? [ynq] (y) y

Inventory:
 Coins    ('$')
  $ - 28 gold pieces
 Weapons  (')')
  b - a +0 dagger (at the ready)
  a - a +1 dwarvish spear (weapon in right hand)
  F - a +0 elven dagger
  t - a +0 orcish dagger
 Armor    ('[')
  q - an uncursed +0 pair of high boots (being worn)
  c - an uncursed +3 small shield (being worn)
  k - an uncursed +0 chain mail (being worn)
 Comestibles  ('%')
  A - an uncursed slime mold
  d - 3 uncursed food rations
 Scrolls  ('?')
  h - an uncursed scroll of create monster
  v - an uncursed scroll of food detection
  C - a blessed scroll of identify
  K - an uncursed scroll of identify
  u - an uncursed scroll of magic mapping
 Potions  ('!')
  E - an uncursed potion of confusion
  x - an uncursed potion of extra healing
  G - a blessed potion of hallucination
  i - an uncursed potion of healing
  l - a blessed potion of levitation
  w - an uncursed potion of object detection
 Rings    ('=')
  I - an uncursed ring of protection from shape changers
 Wands    ('/')
  n - a wand of digging (0:5)
  y - a wand of speed monster (0:5)
 Tools    ('(')
  O - an uncursed skeleton key
  D - an uncursed stethoscope
 Gems/Stones  ('*')
  H - 2 uncursed jade stones
  M - an uncursed worthless piece of blue glass
  N - 2 uncursed worthless pieces of red glass
  J - an uncursed worthless piece of violet glass
  e - 3 uncursed worthless pieces of white glass
  z - an uncursed worthless piece of yellow glass
  P - an uncursed flint stone
  L - 5 uncursed rocks

DiePARTEI the Valkyrie's attributes:

Background:
 You were a Skirmisher, a level 4 dwarven Valkyrie.
 You were lawful, nominally on a mission for Tyr
 who was opposed by Odin (neutral) and Loki (chaotic).
 You were right-handed.
 You were in the Gnomish Mines, on level 7.
 You entered the dungeon 1608 turns ago.
 You had 117 experience points, 43 more were needed to attain level 5.

Basics:
 You had 0 out of 40 hit points.
 You had no energy points (spell power).
 Your armor class was -1.
 Your wallet contained 28 zorkmids.
 Autopickup was off.

Final Characteristics:
 Your strength was 18 (limit:18/100).
 Your dexterity was 16 (limit:20).
 Your constitution was 16 (limit:20).
 Your intelligence was 10 (limit:16).
 Your wisdom was 8 (limit:16).
 Your charisma was 8 (limit:16).

Final Status:
 You weren't hungry.
 You were unencumbered.
 You were wielding a spear.
 You had basic skill with spear.

Final Attributes:
 You were devoutly aligned.
 You were cold resistant.
 You had infravision.
 You were stealthy.
 You were warded.
 You are dead.

Miscellaneous:
 You encountered 1 bones level.
 Total elapsed playing time was 15 minutes and 11 seconds.

Major events:
 Turn
    1: DiePARTEI the lawful dwarven Valkyrie entered the dungeon
  796: attained the rank of Skirmisher (level 3)
 1189: entered the Gnomish Mines
 1588: reached Mine Town
 1608: killed by a death ray

You didn't know any spells.

Skills:
 Fighting Skills
   bare handed combat [Unskilled]
   two weapon combat  [Unskilled]
   riding             [Unskilled]
 Weapon Skills
   dagger             [Basic]
   axe                [Unskilled]
   pick-axe           [Unskilled]
   short sword        [Unskilled]
   broadsword         [Unskilled]
   long sword         [Unskilled]
   two-handed sword   [Unskilled]
   saber              [Unskilled]
   hammer             [Unskilled]
   quarterstaff       [Unskilled]
   polearms           [Unskilled]
   spear              [Basic]
   trident            [Unskilled]
   lance              [Unskilled]
   sling              [Unskilled]
 Spellcasting Skills
   attack spells      [Unskilled]
   escape spells      [Unskilled]

Voluntary challenges:
 Character rerolling was not enabled.
 You were an atheist.
 You never genocided any monsters.
 You never polymorphed an object.
 You never changed form.
 You used no wishes.
Achievements:
 You entered a shop.
 You attained the rank of Skirmisher.
 You entered the Gnomish Mines.
 You entered Minetown.

 The Dungeons of Doom: levels 1 to 4
    Level 1:
    Level 2:
       An armor shop, a fountain.
    Level 3: "minestotheleft"
       A fountain.
       Stairs down to The Gnomish Mines.
    Level 4:
 The Gnomish Mines: levels 4 to 7
    Level 4:
    Level 5:
    Level 6:
    Level 7: <- You were here.
       Final resting place for
          you, killed by a death ray,
          levoittiel-Bar-Orc-Fem-Cha, killed by a death ray, while dragging an iron ball.


Vanquished creatures:
  a homunculus
  2 iguanas
  a gas spore
  a hobbit
  6 manes
  2 giant rats
  a red mold
  2 gnome zombies
  4 geckos
  4 jackals
  a kobold
  2 goblins
  5 grid bugs
  3 lichens
  5 newts
40 creatures vanquished.

No species were genocided or became extinct.

Game over:
                       ----------
                      /          \
                     /    REST    \
                    /      IN      \
                   /     PEACE      \
                  /                  \
                  |    DiePARTEI     |
                  |      28 Au       |
                  |   killed by a    |
                  |    death ray     |
                  |                  |
                  |                  |
                  |       2026       |
                 *|     *  *  *      | *
        _________)/\\_//(\/(/\)/\//\/|_)_______

Farvel DiePARTEI the Valkyrie...

You died in The Gnomish Mines on dungeon level 7 with 804 points,
and 28 pieces of gold, after 1608 moves.
You were level 4 with a maximum of 40 hit points when you died.

